AoeStats
← ogipochi_

Arabia

508853254Analyzed
3v3 RM · 9d ago on Sep 24, 2026· 18m 57s· 6 players
Game mode
Random Map
Map size
Normal (6 player)
Population
200
Speed
Normal
Resources
Standard
Victory
Conquest
Starting age
Dark Age
Ending age
Imperial Age
RankedLock teamsTeams togetherTeam positionsShared explorationLock speedFull tech treeHidden civsTurbo modeCheats
Victory
Defeat
🇿🇦 Maya · South Africa
819
+15
🇿🇦 Malay · South Africa
771
+17
🇬🇧 Franks · United Kingdom
739
+19
🇮🇹 Persians · Italy
834
-18
🇯🇵 Saxons · Japan
786
-17
🇧🇷 Chinese · Brazil
780
-16
the British dog
12:58 Feudal Age
19:32 Castle Age
17:44 Double-Bit Axe
18:42 Scale Barding Armor
Realistic_ZA
13:51 Feudal Age
16:57 Wheelbarrow
16:11 Double-Bit Axe
19:17 Castle Age
Marcus Aurelius
7:51 Loom
11:32 Feudal Age
12:31 Double-Bit Axe
16:17 Fletching
ogipochi_
9:20 Loom
11:18 Feudal Age
11:52 Horse Collar
12:04 Gold Mining
11:59 Double-Bit Axe
12:06 Stone Mining
13:26 Wheelbarrow
12:37 Town Watch
12:43 Man-at-Arms
13:10 Arson
Dardiburg
NoobForever
0:35 Loom
13:18 Feudal Age
Connection lost

Rejoining the realm…

Still unreachable

The connection could not be restored.

Session expired

The server has moved on; the page needs a fresh start.